 Dungeon Crawl Stone Soup version 0.30-a0-263-ge22c4ad894 (webtiles) character file.

Game seed: 5150961528862132067

133 Iusername the Ducker (level 4, -2/38 HPs)
             Began as a Minotaur Wanderer on Oct 13, 2022.
             Slain by Grinder (5 damage)
             ... on level 3 of the Dungeon.
             The game lasted 00:01:43 (2104 turns).

Iusername the Ducker (Minotaur Wanderer)            Turns: 2104, Time: 00:01:43

Health: -2/38      AC:  5    Str: 17    XL:     4   Next: 93%
Magic:  3/3        EV: 13    Int:  7    God:
Gold:   89         SH:  0    Dex: 13    Spells: 3/3 levels left

rFire   . . .      SeeInvis .    a - +1 falchion
rCold   . . .      Faith    .    (no shield)
rNeg    . . .      Spirit   .    b - +2 leather armour
rPois   .          Reflect  .    (helmet restricted)
rElec   .          Harm     .    (no cloak)
rCorr   .          Rampage  .    (no gloves)
Will    .....                    (no boots)
Stlth   ++........               (no amulet)
HPRegen 0.26/turn                (no ring)
MPRegen 0.08/turn                (no ring)

@: attractive, hasted, very quick
A: horns 2, retaliatory headbutt
a: no special abilities


You were on level 3 of the Dungeon.
You visited 1 branch of the dungeon, and saw 3 of its levels.

You collected 89 gold pieces.

Inventory:

Hand Weapons
 a - a +1 falchion (weapon)
Armour
 b - a +2 leather armour (worn)
Jewellery
 g - a +6 ring of intelligence
Scrolls
 d - 3 scrolls of vulnerability {unknown}
 h - 2 scrolls of amnesia {unknown}
 i - 3 scrolls of immolation {unknown}
 k - 2 scrolls of teleportation {unknown}
 m - a scroll of enchant weapon {unknown}
 n - 2 scrolls of identify {unknown}
 q - a scroll of torment {unknown}
 r - a scroll of noise {unknown}
 s - a scroll of fear {unknown}
Potions
 e - a potion of attraction
 f - a potion of might {unknown}
 j - 2 potions of lignification {unknown}
 l - a potion of curing {unknown}
 o - a potion of degeneration {unknown}
 p - a potion of brilliance {unknown}


   Skills:
 + Level 3.3 Fighting
 + Level 3.2 Long Blades
 + Level 2.5 Armour
 + Level 3.9 Dodging
 + Level 1.9 Stealth
 + Level 1.8 Evocations


You had 3 spell levels left.
You didn't know any spells.
Your spell library contained the following spells:

 Spells                   Type           Power      Damage    Failure   Level
 Magic Dart               Conj           0%         1d3       50%         1
 Call Imp                 Summ           0%         N/A       63%         2
 Mephitic Cloud           Conj/Pois/Air  0%         N/A       86%         3
 Conjure Ball Lightning   Conj/Air       0%         3x3d6     100%        6
 Discord                  Hex            0%         N/A       100%        8
 Disjunction              Tloc           0%         N/A       100%        8


Dungeon Overview and Level Annotations

Branches:
Dungeon (3/15)

Altars:
Okawaru

Annotations:
D:3 Grinder


Innate Abilities, Weirdness & Mutations

You have a pair of horns on your head.
You reflexively headbutt those who attack you in melee.


Message History

You suddenly lose the ability to move!
Grinder hits you.
You writhe in agony.
You can move again.
You feel yourself speed up. Grinder misses you.
You hit Grinder but do no damage. Your headbutt misses Grinder.
Grinder hits you.
You writhe in agony.
You barely miss Grinder. You hit Grinder. Your headbutt misses Grinder.
Grinder is lightly wounded.
Grinder hits you but does no damage.
You barely miss Grinder.
Grinder is lightly wounded.
Grinder closely misses you.
You hit Grinder. Your headbutt misses Grinder.
Grinder is lightly wounded.
Grinder hits you but does no damage.
You barely miss Grinder. You headbutt Grinder!
Grinder is moderately wounded.
Grinder gestures at you. Pain shoots through your body!
* * * LOW HITPOINT WARNING * * *
You closely miss Grinder.
Grinder is moderately wounded.
You hit Grinder. Your headbutt misses Grinder.
Grinder is moderately wounded.
Grinder gestures at you.
You barely resist. You hit Grinder but do no damage. You headbutt Grinder.
Grinder is heavily wounded.
Grinder gestures at you. Pain shoots through your body!
* * * LOW HITPOINT WARNING * * *
You slash Grinder!
Grinder is severely wounded.
It was a potion of attraction.
You feel attractive to monsters. Grinder hits you.
* * * LOW HITPOINT WARNING * * *
You writhe in agony.
You die...

........ ........
#.......... ........
#.......... ........
#.......... .......
#.......... ....###
#.......... ....#
#.......... ....#
#...5...!.. '#######
+..@# .~~~~~~# #...#
......~# #...#
......~# #..)#
♣♣♣♣..~#
#...################
♣..~#
#...................
♣..~#
#..#...##########...
♣..~# #......+ #.##
♣..~# #......#
###.####.#


You could see Grinder.

Vanquished Creatures
  An orc priest (D:3)
  Jessica (D:3)
  A gnoll (D:1)
  An adder (D:2)
  2 worms
  A dart slug (D:1)
  3 orcs (D:3)
  A ball python (D:2)
  5 endoplasms
  A giant cockroach (D:3)
  5 goblins
  4 hobgoblins
  6 jackals (D:3)
  4 kobolds
  2 quokkas
  3 bats
  A frilled lizard (D:2)
42 creatures vanquished.

Notes
Turn   | Place    | Note
-------+----------+-------------------------------------------
     0 | D:1      | Iusername the Minotaur Wanderer began the quest for the
                  | Orb.
     0 | D:1      | Iusername set off with the following items: a +1 falchion,
                  | a +2 leather armour, a potion of haste.
     0 | D:1      | Reached XP level 1. HP: 18/18 MP: 0/0
    96 | D:1      | Reached XP level 2. HP: 25/25 MP: 1/1
   327 | D:1      | Found a faded altar of an unknown god.
   733 | D:2      | Reached XP level 3. HP: 30/30 MP: 2/2
  1742 | D:3      | Noticed Jessica
  1750 | D:3      | Killed Jessica
  1751 | D:3      | Reached XP level 4. HP: 23/38 MP: 3/3
  1904 | D:3      | Found an iron altar of Okawaru.
  2089 | D:3      | Noticed Grinder
  2089 | D:3      | Paralysed by Grinder for 4 turns
  2104 | D:3      | Slain by Grinder

Illustrated notes

Levels and vault maps discovered:
D:1:      dpeg_arrival_boxes_within_box, layout_loops_cross,
          hellmonk_ecumenical_altar_inner_sanctum, minmay_crystal_water
D:2:      layout_loops_ring, minmay_pentomino_t2
D:3:      layout_basic, okawaru_metal_pillars_1_2, kennysheep_path_1,
          uniq_grinder, uniq_jessica

Skill      XL: |  1  2  3 |
---------------+----------+-----
Armour         | 2 |  2.5
Long Blades    | 3 |  3.2
Fighting       | 3 |  3.3
Dodging        | |  3.9
Stealth        | |  1.9
Evocations     | |  1.8

Action                   |  1- 3 |  4- 6 || total
-------------------------+-------+-------++-------
Melee: Falchion          |    78 |    31 ||   109
       Headbutt          |    11 |     6 ||    17
       Punch             |     1 |       ||     1
  Use: Potion            |       |     2 ||     2
 Stab: Sleeping          |     3 |       ||     3
Armor: Leather armour    |    12 |    10 ||    22
Dodge: Dodged            |    54 |    26 ||    80

Table legend: (Time is in decaauts)
 A = Elapsed time spent in this place.
 B = Non-inter-level travel time spent in this place.
 C = Inter-level travel time spent in this place.
 D = Time resting spent in this place.
 E = Time spent auto-exploring this place.
 F = Levels seen in this place.
 G = Mean time per level.
                   A        B        C        D        E       F      G
               +--------+--------+--------+--------+--------+-----+--------+
         Total |   2118 |   2043 |     75 |      0 |   1777 |   3 |  706.0 |
       Dungeon |   2118 |   2043 |     75 |      0 |   1777 |   3 |  706.0 |
               +--------+--------+--------+--------+--------+-----+--------+

Top non-repeatable levels by time:
     D:2: 763 daAuts
     D:1: 736 daAuts
     D:3: 618 daAuts
